 Dungeon Crawl Stone Soup version 0.32-a0-893-gf85d74f360 (webtiles) character file.

Game seed: 11563961089578829393

567 Heh the Apothecary (level 7, -1/54 HPs)
             Began as a Coglin Alchemist on Apr 3, 2024.
             Slain by a burial acolyte
             ... wielding a +0 dagger
              (4 damage)
             ... in an ossuary.
             The game lasted 00:07:52 (3059 turns).

Heh the Apothecary (Coglin Alchemist)               Turns: 3059, Time: 00:07:53

Health: -1/54      AC:  2    Str:  6 (8)  XL:     7   Next: 33%
Magic:  11/11      EV: 11    Int: 11 (14) God:
Gold:   208        SH:  0    Dex: 15 (17) Spells: 0/12 levels left

rFire   . . .        o - +2 war axe (vamp) {Alejandra}
rCold   . . .        e - +0 hand axe {Jaspreet}
rNeg    . . .        a - +0 robe
rPois   .            (no helmet)
rElec   .            (no cloak)
rCorr   .            (no gloves)
SInv    .            (no boots)
Will    .....        (amulet unavailable)
Stlth   ++           (ring unavailable)
HPRegen 0.29/turn    (ring unavailable)
MPRegen 0.12/turn    (no gizmo)

%: no passive effects
@: revved
A: off-hand wielding, slow wielding, warmup strikes, no jewellery
a: Invent Gizmo


You were in an ossuary.
You visited 2 branches of the dungeon, and saw 5 of its levels.
You also visited: Ossuary.

You collected 208 gold pieces.

Inventory:

Hand Weapons
 c - a +0 dagger {Sarina}
 d - a +0 club {Tenoch}
 e - a +0 hand axe (offhand) {Jaspreet}
 h - a +0 dagger {Minjun}
 o - a +2 vampiric war axe (weapon) {Alejandra}
 r - a +0 mace
Missiles
 k - 2 javelins
Armour
 a - a +0 robe (worn)
 i - a +0 plate armour
 q - a +4 chain mail of fire resistance
 s - a +0 scale mail
 t - a +0 leather armour
Wands
 p - a wand of paralysis (8)
Scrolls
 f - 6 scrolls of identify {unknown}
Potions
 b - a potion of magic
 j - a potion of curing {unknown}
 m - a potion of resistance {unknown}
 n - 2 potions of attraction {unknown}


   Skills:
 + Level 4.1 Fighting
 + Level 2.3 Axes
 - Level 1.7 Dodging
 - Level 1.5 Stealth
 + Level 3.2 Spellcasting
 - Level 2.6 Conjurations
 + Level 4.9 Alchemy


You couldn't memorise any spells.
You knew the following spells:

 Your Spells              Type           Power      Damage    Failure   Level
a - Sting                 Conj/Alch      40%        1d5       5%          1
b - Mephitic Cloud        Conj/Alch/Air  7%         N/A       28%         3
c - Olgreb's Toxic Radia  Alch           12%        N/A       32%         4
d - Sticky Flame          Fire/Alch      7%         2d4       67%         4

Your spell library contained the following spells:

 Spells                   Type           Power      Damage    Failure   Level
 Mercury Vapours          Alch/Air       14%        N/A       14%         2


Dungeon Overview and Level Annotations

Branches:
Dungeon (4/15)             Temple (1/1) D:4         Ossuary (1/1)

Altars:
Ashenzari
Cheibriados
Fedhas
Hepliaklqana
Kikubaaqudgha
Makhleb
Nemelex Xobeh
Okawaru
Qazlal
Ru
Sif Muna
Trog
Uskayaw
Wu Jian
Xom
Yredelemnul
The Shining One


Innate Abilities, Weirdness & Mutations

You can wield a second weapon in your off-hand.
It takes a long time for you to wield or remove held weapons.
Your first few attacks do less damage.
You cannot equip rings or amulets.


Message History

The burial acolyte hits you with a +0 dagger.
You barely miss the burial acolyte with your +2 vampiric war axe.
The burial acolyte is severely wounded.
You hit the human zombie with your +2 vampiric war axe.
You barely miss the burial acolyte with your +0 hand axe.
You hit the human zombie but do no damage.
The elf zombie no longer looks unusually strong.
The elf zombie is no longer moving quickly.
The human zombie no longer looks unusually strong.
The human zombie is no longer moving quickly.
The elf zombie no longer looks unusually strong.
The elf zombie is no longer moving quickly.
The burial acolyte misses you. The human zombie hits you.
* * * LOW HITPOINT WARNING * * *
Okay, then.
Okay, then.
You hit the human zombie but do no damage.
The human zombie is lightly damaged.
You hit the burial acolyte with your +0 hand axe.
You hit the human zombie with your +2 vampiric war axe.
You barely miss the burial acolyte with your +2 vampiric war axe.
The burial acolyte barely misses you. The human zombie hits you.
* * * LOW HITPOINT WARNING * * *
You barely miss the human zombie with your +2 vampiric war axe.
The human zombie is moderately damaged.
You completely miss the burial acolyte with your +2 vampiric war axe.
You hit the human zombie but do no damage.
You hit the burial acolyte with your +0 hand axe.
The burial acolyte hits you with a +0 dagger.
* * * LOW HITPOINT WARNING * * *
The human zombie completely misses you.
The burial acolyte hits you with a +0 dagger.
* * * LOW HITPOINT WARNING * * *
It was a potion of degeneration.
There was something very wrong with that liquid.
You feel weakened.
You feel dopey.
You feel clumsy. The human zombie hits you.
* * * LOW HITPOINT WARNING * * *
The burial acolyte hits you with a +0 dagger.
You die...

#################
#.#.#p#.#.#.#.#.#
#.....#...#.....# #####
#.....#...#.....# ##...##
##'''''#''Z#'''''###.....##
##.'......'Zp@...'.........#
...'∩.....'.#Z...'....∩.∩..#
##.'......'......'.........#
##'''''#'''#'''''###.....##
#.....#...#.....# ##...##
#.....#...#.....# #####
#.#.#.#.#.#.#.#.#
#################


You could see a burial acolyte, 2 elf zombies and a human zombie.

Vanquished Creatures
  An ice beast (D:4)
  An ogre (D:3)
  A scorpion (D:4)
  A bombardier beetle (D:4)
  An orc priest (D:4)
  An iguana (D:4)
  Ijyb (D:3)
  2 orc wizards (D:4)
  2 mummies (Ossuary)
  A howler monkey zombie (Ossuary)
  6 adders
  2 ribbon worms
  4 dart slugs
  8 orcs
  4 endoplasms
  4 giant cockroaches
  2 hobgoblins (D:1)
  2 jackals (D:1)
  3 quokkas
  7 ball pythons
  5 bats
  4 frilled lizards
  2 goblins (D:1)
  4 kobolds
  An orc zombie (Ossuary)
  4 rats
74 creatures vanquished.

Notes
Turn   | Place    | Note
-------+----------+-------------------------------------------
     0 | D:1      | Heh the Coglin Alchemist began the quest for the Orb.
     0 | D:1      | Reached XP level 1. HP: 13/13 MP: 3/3
   109 | D:1      | Reached skill level 1 in Conjurations
   163 | D:1      | Reached skill level 1 in Fighting
   163 | D:1      | Reached XP level 2. HP: 16/21 MP: 4/4
   476 | D:1      | Reached XP level 3. HP: 19/26 MP: 5/5
   928 | D:2      | Found a faded altar of an unknown god.
  1220 | D:2      | Reached XP level 4. HP: 17/33 MP: 1/6
  1632 | D:3      | Learned a level 3 spell: Mephitic Cloud
  1707 | D:3      | Identified the amulet of Qeisac {rPois rC- RegenMP+ Dex+3}
  1842 | D:3      | Noticed an ogre
  1852 | D:3      | Killed an ogre
  1853 | D:3      | Reached XP level 5. HP: 13/41 MP: 0/8
  2052 | D:3      | Noticed Ijyb
  2090 | D:3      | Killed Ijyb
  2345 | D:3      | Found a stormy altar of Qazlal.
  2417 | D:3      | Reached XP level 6. HP: 44/47 MP: 9/9
  2540 | D:4      | Found a sparkling altar of Nemelex Xobeh.
  2581 | D:4      | Noticed an ice beast
  2590 | D:4      | Killed an ice beast
  2591 | D:4      | Reached skill level 1 in Axes
  2606 | D:4      | Reached XP level 7. HP: 53/53 MP: 2/11
  2613 | D:4      | Found a staircase to the Ecumenical Temple.
  2633 | D:4      | Learned a level 4 spell: Olgreb's Toxic Radiance
  2638 | D:4      | Learned a level 4 spell: Sticky Flame
  2699 | Temple   | Entered the Ecumenical Temple
  2810 | D:4      | Found a sand-covered staircase.
  2933 | Ossuary  | Entered an ossuary
  2933 | Ossuary  | Found a huge runed translucent gate.
  2933 | Ossuary  | Found a huge runed translucent gate.
  2933 | Ossuary  | Found a huge runed translucent gate.
  2933 | Ossuary  | Found a huge runed translucent gate.
  2933 | Ossuary  | Found a huge runed translucent gate.
  2933 | Ossuary  | Found a huge runed translucent gate.
  2933 | Ossuary  | Found a huge runed translucent gate.
  2933 | Ossuary  | Found a huge runed translucent gate.
  2933 | Ossuary  | Found a huge runed translucent gate.
  2944 | Ossuary  | Found a huge runed translucent gate.
  2944 | Ossuary  | Found a huge runed translucent gate.
  2945 | Ossuary  | Found a huge runed translucent gate.
  2945 | Ossuary  | Found a huge runed translucent gate.
  2947 | Ossuary  | Found a huge runed translucent gate.
  2947 | Ossuary  | Found a huge runed translucent gate.
  2949 | Ossuary  | Found a huge runed translucent gate.
  2949 | Ossuary  | Found a huge runed translucent gate.
  2949 | Ossuary  | Found a huge runed translucent gate.
  2949 | Ossuary  | Found a huge runed translucent gate.
  2949 | Ossuary  | Found a huge runed translucent gate.
  2955 | Ossuary  | Found a huge runed translucent gate.
  2985 | Ossuary  | Found a huge runed translucent gate.
  2985 | Ossuary  | Found a huge runed translucent gate.
  2985 | Ossuary  | Found a huge runed translucent gate.
  2986 | Ossuary  | Found a huge runed translucent gate.
  2986 | Ossuary  | Found a huge runed translucent gate.
  2987 | Ossuary  | Found a huge runed translucent gate.
  2987 | Ossuary  | Found a huge runed translucent gate.
  2992 | Ossuary  | Found a huge runed translucent gate.
  2992 | Ossuary  | Found a huge runed translucent gate.
  3005 | Ossuary  | Found a huge runed translucent gate.
  3005 | Ossuary  | Found a huge runed translucent gate.
  3005 | Ossuary  | Found a huge runed translucent gate.
  3005 | Ossuary  | Found a huge runed translucent gate.
  3005 | Ossuary  | Found a huge runed translucent gate.
  3059 | Ossuary  | Slain by a burial acolyte

Illustrated notes

Levels and vault maps discovered:
D:1:      giann_forest_graveyard, layout_basic
D:2:      layout_loops_ring, shapermc_ecumenical_altar_ellora,
          guppyfry_early_lair_pool
D:3:      layout_basic, grunt_qazlal_sundering, st_stairs_7,
          grunt_decor_mini_mirrors, uniq_ijyb
D:4:      layout_basic, mainiacjoe_overflow_surrounded_room,
          minmay_temple_entry_grid, chequers_ossuary_entry_cave
Temple:   nicolae_temple_no_exploring_needed
Ossuary:  minmay_ossuary_gauntlet

Skill      XL: |  1  2  3  4  5  6  7 |
---------------+----------------------+-----
Conjurations   | 1 2 |  2.6
Fighting       | 1 2 3 4 |  4.1
Spellcasting   | 2 3 |  3.2
Alchemy        | 4 |  4.9
Axes           | 1 2 |  2.3
Dodging        | |  1.7
Stealth        | |  1.5

Action                     |  1- 3 |  4- 6 |  7- 9 || total
---------------------------+-------+-------+-------++-------
  Melee: Dagger            |   118 |    88 |    27 ||   233
         Club              |    28 |       |       ||    28
         War axe           |       |    36 |    50 ||    86
         Hand axe          |       |       |    19 ||    19
   Cast: Sting             |    13 |    13 |       ||    26
         Mephitic Cloud    |       |     3 |       ||     3
  Evoke: Wand              |       |     2 |       ||     2
    Use: Scroll            |       |       |     4 ||     4
         Potion            |       |       |     1 ||     1
   Stab: Sleeping          |     3 |     3 |       ||     6
         Confused          |       |     5 |       ||     5
         Paralysed         |       |     5 |       ||     5
 Armour: Robe              |    36 |    35 |    52 ||   123
  Dodge: Dodged            |    64 |    30 |    31 ||   125

Table legend: (Time is in decaauts)
 A = Elapsed time spent in this place.
 B = Non-inter-level travel time spent in this place.
 C = Inter-level travel time spent in this place.
 D = Time resting spent in this place.
 E = Time spent auto-exploring this place.
 F = Levels seen in this place.
 G = Mean time per level.
                   A        B        C        D        E       F      G
               +--------+--------+--------+--------+--------+-----+--------+
         Total |   3086 |   2853 |    233 |      6 |   2212 |   6 |  514.3 |
       Dungeon |   2952 |   2719 |    233 |      6 |   2147 |   4 |  738.0 |
        Temple |      1 |      1 |      0 |      0 |      0 |   1 |    1.0 |
       Ossuary |    131 |    131 |      0 |      0 |     65 |   1 |  131.0 |
               +--------+--------+--------+--------+--------+-----+--------+

Top non-repeatable levels by time:
     D:3: 962 daAuts
     D:2: 849 daAuts
     D:1: 747 daAuts
     D:4: 393 daAuts
 Ossuary: 131 daAuts
  Temple: 1 daAuts
